 Dungeon Crawl Stone Soup version 0.27.1-1-g398f81649c (webtiles) character file.

Game seed: 9569470624221564192

3245 Metae the Magician (level 9, -9/74 HPs)
             Began as a White Draconian Fire Elementalist on Sept 7, 2021.
             Was a Follower of Vehumet.
             Mangled by a hornet (14 damage)
             ... on level 7 of the Dungeon.
             The game lasted 00:49:01 (7626 turns).

Metae the Magician (DrFE)                           Turns: 7626, Time: 00:49:02

Health: -9/74      AC:  7    Str: 11    XL:     9   Next: 67%
Magic:  28/28      EV: 12    Int: 25    God:    Vehumet [*.....]
Gold:   328        SH:  0    Dex: 11    Spells: 6/21 levels left

rFire    . . .     SeeInvis .   g - +1 dagger (drain)
rCold    + . .     Faith    .   (no shield)
rNeg     . . .     Spirit   .   (armour unavailable)
rPois    .         Reflect  .   (helmet restricted)
rElec    .         Harm     .   r - scarf {+Inv}
rCorr    .         Rampage  .   (no gloves)
Will     .....                  (no boots)
Stlth    ++........             d - amulet of regeneration
HPRegen  1.22/turn              p - +6 ring of intelligence
MPRegen  0.21/turn              A - ring of magical power

@: lethally poisoned (-9 -> -17), slowed, very slow
A: breathe frost, AC +7, unfitting armour, cold resistance 1, cold-blooded
a: Breathe Frost, Renounce Religion, Evoke Invisibility


You were on level 7 of the Dungeon.
You worshipped Vehumet.
Vehumet was aware of your devotion.
You visited 1 branch of the dungeon, and saw 7 of its levels.

You collected 328 gold pieces.

Inventory:

Hand Weapons
 a - a +0 dagger
 e - a +0 hunting sling
 g - a +1 dagger of draining (weapon)
 B - a +5 flail of protection
Missiles
 f - 173 stones (quivered)
 i - 33 sling bullets
Armour
 r - a scarf of invisibility (worn)
Jewellery
 d - an amulet of regeneration (around neck)
 p - a +6 ring of intelligence (left hand)
 z - a ring of see invisible
 A - a ring of magical power (right hand)
 C - a ring of poison resistance
Wands
 u - a wand of flame (18)
 w - a wand of iceblast (4)
Scrolls
 b - 2 scrolls of torment
 h - 3 scrolls of fog
 k - 3 scrolls of teleportation
 m - a scroll of magic mapping {unknown}
 n - a scroll of holy word {unknown}
 o - 3 scrolls of enchant armour
 x - a scroll of acquirement {unknown}
 y - 2 scrolls of immolation
 D - a scroll of silence {unknown}
Potions
 c - 4 potions of curing
 j - a potion of mutation {unknown}
 l - a potion of flight {unknown}
 q - a potion of brilliance
 s - 4 potions of cancellation
 t - a potion of heal wounds {unknown}
 v - a potion of lignification {unknown}


   Skills:
 + Level 5.3 Fighting
 + Level 4.6 Short Blades
 - Level 1.7 Dodging
 - Level 4.4 Stealth
 * Level 6.9 Spellcasting
 + Level 5.0 Conjurations
 - Level 5.6 Fire Magic
 + Level 2.9 Ice Magic


You had 6 spell levels left.
You knew the following spells:

 Your Spells              Type           Power      Damage    Failure   Level
a - Foxfire               Conj/Fire      100%       2x1d9     1%          1
b - Conjure Flame         Conj/Fire      35%        6-21      2%          3
c - Inner Flame           Hex/Fire       22%        N/A       6%          3
d - Sticky Flame          Conj/Fire      35%        2d5       8%          4
e - Freeze                Ice            92%        1d10      1%          1
f - Lesser Beckoning      Tloc           4%         N/A       21%         3

Your spell library contained the following spells:

 Spells                   Type           Power      Damage    Failure   Level
 Pain                     Necr           32%        1d5       7%          1
 Blink                    Tloc           N/A        N/A       11%         2
 Fireball                 Conj/Fire      17%        3d9       22%         5
 Olgreb's Toxic Radiance  Pois           8%         N/A       56%         4
 Agony                    Necr           8%         N/A       88%         5
 Excruciating Wounds      Necr           4%         N/A       88%         5
 Manifold Assault         Tloc           8%         N/A       88%         5
 Malign Gateway           Summ/Tloc      4%         N/A       100%        7
 Ozocubu's Refrigeration  Ice            11%        4d7       100%        7
 Ignition                 Fire           18%        3d7       100%        8
 Summon Horrible Things   Summ           4%         N/A       100%        8


Dungeon Overview and Level Annotations

Branches:
Dungeon (7/15)             Temple (0/1) D:4

Altars:
Ashenzari
Dithmenos
Elyvilon
Okawaru
Qazlal
Ru
Vehumet
Zin

Shops:
D:1 (


Innate Abilities, Weirdness & Mutations

You can breathe waves of freezing cold which knock back foes.
Your icy white scales are hard. (AC +7)
You cannot fit into any form of body armour.
Your flesh is cold resistant. (rC+)
You are cold-blooded and may be slowed by cold attacks.


Message History

The iguana barely misses you.
You closely miss the iguana.
The iguana is almost dead.
You hit the iguana.
You kill the iguana!
Vehumet accepts your kill.
Your Conjurations skill increases to level 5!
You barely miss the hornet. The hornet stings you!
You suddenly lose the ability to move!
The hornet completely misses you. The hornet barely misses you.
The hornet stings you!
You are poisoned.
You shrug off the repeated paralysis!
You feel very sick. The hornet stings you.
You are more poisoned.
You feel yourself slow down.
You can move again.
You barely miss the hornet. You tail-slap the hornet.
The hornet is lightly wounded.
You feel yourself speed up.
You feel very sick. The hornet stings you.
You shrug off the repeated paralysis!
The hornet stings you.
You are more poisoned.
You feel yourself slow down.
You feel yourself speed up.
You feel extremely sick. The hornet stings you!
* * * LOW HITPOINT WARNING * * *
You feel yourself slow down.
You feel very sick. The hornet closely misses you. The hornet stings you.
* * * LOW HITPOINT WARNING * * *
You are lethally poisoned!
You feel as though you will be slow longer.
* * * LOW HITPOINT WARNING * * *
You feel extremely sick. The hornet stings you!
You die...

#.#.#.# #.#.#.#
#####.#.#.#
#.........#
#.#####.### #.#
#... #.# #####
####y########
#...@.......#
#.≈≈≈≈≈≈.≈≈.# #.#
#.≈.......≈.# #.#
####
#.≈.≈.≈≈≈.≈.# #.#
...#
#.≈.≈...≈.≈.# #.#
...#
#.≈.§§_.≈.≈.# #.#
##.#
#.≈.§...§.≈.####
#.# #.#
#.≈.≈§§§≈.≈....#
#.# ##.#######
##.≈.§..§..≈.##.#
##.#


You could see a hornet.

Vanquished Creatures
  Pikel (D:4)
  The ghost of Neebert the Shield-Bearer, a novice VSFi of Makhleb (D:6)
  The ghost of MajorAdolf the Gusty, a novice NaWn (D:5)
  Sigmund (D:5)
  Edmund (D:6)
  2 water moccasins (D:6)
  2 black bears
  An ogre (D:5)
  2 necrophages (D:6)
  3 bullfrogs
  2 scorpions
  A howler monkey (D:7)
  An orc priest (D:5)
  2 hounds (D:5)
  A jelly (D:4)
  Natasha (thrice) (D:2)
  2 iguanas
  2 orc wizards
  Robin (D:3)
  A hound skeleton (D:5)
  13 gnolls
  2 howler monkey skeletons (D:6)
  7 adders
  An adder zombie (D:5)
  3 worms (D:4)
  2 dart slugs
  13 orcs
  3 endoplasms
  3 giant cockroaches
  9 hobgoblins
  6 jackals
  3 kobolds
  2 quokkas
  6 ball pythons
  5 bats
  4 frilled lizards
  23 goblins
  11 rats
147 creatures vanquished.

Vanquished Creatures (others)
  An orc wizard (D:5)
  364 foxfires
365 creatures vanquished.

Grand Total: 512 creatures vanquished

Notes
Turn   | Place    | Note
-------+----------+-------------------------------------------
     0 | D:1      | Metae the Draconian Fire Elementalist began the quest for
                  | the Orb.
     0 | D:1      | Reached XP level 1. HP: 14/14 MP: 3/3
    66 | D:1      | Found Kuach's Weapon Emporium.
    99 | D:1      | Reached XP level 2. HP: 19/22 MP: 0/5
  1292 | D:2      | Reached XP level 3. HP: 21/27 MP: 0/6
  1543 | D:2      | Found a shadowy altar of Dithmenos.
  1650 | D:2      | Noticed Natasha
  1707 | D:1      | Learned a level 3 spell: Conjure Flame
  1756 | D:2      | Killed Natasha
  1757 | D:2      | Reached skill level 1 in Fighting
  1757 | D:2      | Reached XP level 4. HP: 32/35 MP: 0/8
  1790 | D:2      | Noticed Natasha
  1805 | D:2      | Killed Natasha
  1954 | D:2      | Noticed Natasha
  1966 | D:2      | Killed Natasha
  1967 | D:2      | Reached skill level 1 in Short Blades
  1967 | D:2      | Reached skill level 3 in Spellcasting
  2191 | D:3      | Reached XP level 5. HP: 40/40 MP: 6/9
  2422 | D:3      | Noticed Robin
  2444 | D:3      | Killed Robin
  2508 | D:3      | Found a white marble altar of Elyvilon.
  2714 | D:3      | Found a stormy altar of Qazlal.
  2714 | D:3      | Found a broken altar of Ashenzari.
  2714 | D:3      | Found a radiant altar of Vehumet.
  2837 | D:3      | Became a worshipper of Vehumet
  2939 | D:3      | Found a faded altar of an unknown god.
  3100 | D:3      | Found an iron altar of Okawaru.
  3104 | D:3      | Reached XP level 6. HP: 48/48 MP: 9/11
  3228 | D:4      | Learned a level 3 spell: Inner Flame
  3415 | D:4      | Found a staircase to the Ecumenical Temple.
  3431 | D:4      | Noticed Pikel
  3447 | D:4      | Killed Pikel
  3447 | D:4      | HP: 2/48 [spore (39)]
  3448 | D:4      | Reached skill level 4 in Spellcasting
  3448 | D:4      | Reached skill level 5 in Fire Magic
  3448 | D:4      | Your scales start taking on an icy white colour.
  3448 | D:4      | Reached XP level 7. HP: 3/56 MP: 7/13
  3448 | D:4      | Gained mutation: Your flesh is cold resistant. (rC+) [White
                  | Draconian growth]
  4440 | D:5      | Entered Level 5 of the Dungeon
  4567 | D:5      | Noticed Sigmund
  4633 | D:5      | Killed Sigmund
  4634 | D:5      | Reached XP level 8. HP: 49/63 MP: 11/15
  4723 | D:5      | Learned a level 4 spell: Sticky Flame
  4845 | D:5      | Reached skill level 5 in Spellcasting
  5156 | D:5      | Found a sacrificial altar of Ru.
  5180 | D:5      | Reached skill level 5 in Fire Magic
  5189 | D:5      | Found a runed translucent gate.
  5281 | D:5      | Found a runed translucent gate.
  5281 | D:5      | Found a runed translucent gate.
  5281 | D:5      | Noticed MajorAdolf's ghost (novice NaWn)
  5331 | D:5      | Killed MajorAdolf's ghost
  5331 | D:5      | Reached * piety under Vehumet
  5331 | D:5      | Offered knowledge of Freeze by Vehumet.
  5697 | D:5      | Learned a level 1 spell: Freeze
  5701 | D:5      | Learned a level 3 spell: Lesser Beckoning
  5813 | D:6      | Reached XP level 9. HP: 63/72 MP: 15/17
  6147 | D:6      | Noticed Edmund
  6160 | D:6      | Found a runed translucent door.
  6162 | D:6      | Noticed Neebert's ghost (novice VSFi)
  6381 | D:6      | Reached skill level 6 in Spellcasting
  6381 | D:6      | Reached skill level 1 in Ice Magic
  6630 | D:6      | Killed Edmund
  7241 | D:6      | Killed Neebert's ghost
  7242 | D:6      | Reached skill level 5 in Fighting
  7394 | D:7      | Found a glowing silver altar of Zin.
  7619 | D:7      | Reached skill level 5 in Conjurations
  7619 | D:7      | Paralysed by a hornet for 3 turns
  7626 | D:7      | Mangled by a hornet

Illustrated notes

Levels and vault maps discovered:
D:1:      scummos_arrival_gate, layout_basic, serial_shops, shop,
          minmay_misc_feat_tower
D:2:      layout_rooms, basic_altar, minmay_fractal_squares_gapless_5,
          uniq_natasha
D:3:      layout_basic, kennysheep_okawaru_gauntlet,
          chequers_temple_overflow_statue_of_worship, elyvilon_altar_3,
          shapermc_ecumenical_altar_mp_highgroup, uniq_robin
D:4:      layout_layer_cave, minmay_temple_entry_hall, uniq_pikel
D:5:      layout_loops_ring, nicolae_overflow_crystal_walls,
          ebering_ghost_rock_garden, grunt_ministairs_2, uniq_sigmund
D:6:      layout_basic, ebering_ghost_reflecting_pool, nrook_loot_triangle,
          uniq_edmund
D:7:      layout_loops_corners, mainiacjoe_overflow_concentric_impassable,
          hellmonk_guarded_unrand_lears

Skill      XL: |  1  2  3  4  5  6  7  8  9 |
---------------+----------------------------+-----
Stealth        | 2 3 4 |  4.4
Fighting       | 1 2 3 4 5 |  5.3
Short Blades   | 1 2 3 4 |  4.6
Spellcasting   | 3 4 5 6 |  6.9
Fire Magic     | 4 4 5 |  5.6
Conjurations   | 2 3 4 5 |  5.0
Ice Magic      | 2 |  2.9
Dodging        | |  1.7

Action                   |  1- 3 |  4- 6 |  7- 9 || total
-------------------------+-------+-------+-------++-------
Melee: Unarmed           |    10 |       |       ||    10
       Tailslap          |     4 |     6 |    27 ||    37
       Dagger            |    43 |    62 |   246 ||   351
 Cast: Foxfire           |    51 |    68 |   141 ||   260
       Inner Flame       |       |     1 |     7 ||     8
       Conjure Flame     |       |     1 |     4 ||     5
       Freeze            |       |       |    12 ||    12
       Sticky Flame      |       |       |     4 ||     4
       Lesser Beckoning  |       |       |     2 ||     2
 Abil: Breathe Frost     |       |       |     1 ||     1
Evoke: Wand              |       |       |     1 ||     1
  Use: Scroll            |       |     1 |     7 ||     8
       Potion            |       |       |     1 ||     1
 Stab: Sleeping          |       |       |     1 ||     1
Armor: Skin              |    17 |    32 |    92 ||   141
Dodge: Dodged            |    57 |    69 |   193 ||   319
